 Dungeon Crawl Stone Soup version 0.19.5 (webtiles) character file.

1212 equalderp2856 the Slasher (level 8, -13/60 HPs)
             Began as a Mummy Fighter on Mar 31, 2017.
             Mangled by an ogre
             ... wielding a +0 giant club
              (17 damage)
             ... on level 5 of the Dungeon.
             The game lasted 00:15:29 (7704 turns).

equalderp2856 the Slasher (Mummy Fighter)           Turns: 7704, Time: 00:15:30

Health: -13/60     AC:  9    Str: 20    XL:     8   Next: 22%
Magic:  8/8        EV:  6    Int:  7    God:
Gold:   281        SH:  9    Dex: 13    Spells: 0 memorised, 7 levels left

rFire  x . .     SeeInvis .     C - +0 scimitar (curse)
rCold  + . .     Gourm    .     x - +0 chain mail
rNeg   + + +     Faith    .     c - +0 shield
rPois  ∞         Spirit   .     (no helmet)
rElec  .         Reflect  .     (no cloak)
rCorr  .         Harm     .     (no gloves)
MR     +....                    (no boots)
Stlth  ..........               (no amulet)
                                (no ring)
                                (no ring)

@: no status effects
A: no food or potions, fire vulnerability, cold resistance 1, negative energy
resistance 3, torment resistance, unbreathing
a: no special abilities


You were on level 5 of the Dungeon.
You were not hungry.

You visited 1 branch of the dungeon, and saw 6 of its levels.

You collected 281 gold pieces.

Inventory:

Hand Weapons
 a - a +1 long sword
 y - a +0 falchion
 C - a cursed +0 scimitar (weapon)
 E - a +0 scimitar
 H - a +0 dagger of venom
Missiles
 e - 245 stones (quivered)
 k - 45 sling bullets
 l - 64 bolts
 n - 14 poisoned needles
 r - 86 arrows
 s - 7 silver javelins
Armour
 b - a +0 scale mail
 c - a +0 shield (worn)
 g - a -1 robe
 j - a +0 robe
 t - a +0 robe
 x - a +0 chain mail (worn)
 A - a +0 pair of gloves
 D - a +0 robe
 F - a +0 robe
Jewellery
 m - an uncursed ring of magical power {unknown}
 q - a cursed ring of teleportation {unknown}
 u - an uncursed amulet of harm {unknown}
 G - a cursed -3 ring of evasion {unknown}
Scrolls
 d - 2 scrolls of identify
 f - 3 scrolls of remove curse
 h - a scroll of enchant weapon
 i - 2 scrolls of enchant armour
 o - a scroll of amnesia
 p - a scroll of noise
 v - a scroll of teleportation {unknown}
 w - 2 scrolls of random uselessness
 B - a scroll of blinking {unknown}
Books
 z - a book of Necromancy

   Spells                             Type                      Level
   a - Pain                           Necromancy                   1
   b - Animate Skeleton               Necromancy                   1
   c - Vampiric Draining              Necromancy                   3
   d - Regeneration                   Charms/Necromancy            3
   e - Animate Dead                   Necromancy                   4
   f - Control Undead                 Necromancy                   4


   Skills:
 + Level 4.2 Fighting
 + Level 5.6 Long Blades
 + Level 3.9 Armour
 + Level 2.3 Dodging
 + Level 1.0 Stealth
 + Level 4.3 Shields


You had 7 spell levels left.
You didn't know any spells.

Dungeon Overview and Level Annotations

Branches:
Dungeon (6/15)             Temple (0/1) D:4

Altars:
Ashenzari
Qazlal

Annotations:
D:5 Prince Ribbit


Innate Abilities, Weirdness & Mutations

You do not eat or drink.
Your flesh is vulnerable to fire.
You are immune to poison.
Your flesh is cold resistant. (rC+)
You are immune to negative energy. (rN+++)
You are immune to unholy pain and torment.
You can survive without breathing.


Message History

Prince Ribbit blinks!
There is a stone staircase leading down here.
You open the door. You block the wight's attack.
There is an open door here.
Prince Ribbit hits you.
You miss Prince Ribbit. You block Prince Ribbit's attack. x2
You block Prince Ribbit's attack.
You miss Prince Ribbit. You block Prince Ribbit's attack. x2
An ogre comes into view. It is wielding a giant club.
Prince Ribbit blinks!
The ogre hits you with a giant club!
You slash the ogre!
The ogre is moderately wounded.
The ogre hits you with a giant club.
Your shield and chain mail prevent you from hitting the ogre.
The ogre is moderately wounded.
The wight hits you with an enchanted great sword!
* * * LOW HITPOINT WARNING * * *
The ogre hits you with a giant club!
You die...

#... #.## #.# ###.##
### #.%...
#########.###.#.##
#.......F..##.#.##
#z#####.....).#... #@#
##...######.
#########O# ##.## #.
#.........# #.# ##
#.######..# #.# #
#.###.....# ##'## #
#......<.## #..># #
#####.#### #.....# #
#.#.## #.......# #
#....####.......!.####


You could see an ogre and a wight.

Vanquished Creatures
  An ogre (D:5)
  A necrophage (D:5)
  A wyvern skeleton (D:6)
  A scorpion (D:5)
  3 wights
  3 howler monkeys
  3 crimson imps (D:5)
  2 hounds
  3 orc priests
  A jelly (D:6)
  4 orc wizards
  A bullfrog skeleton (D:5)
  2 iguanas (D:3)
  2 worker ants
  A hound skeleton (D:5)
  5 adders
  A shadow imp (D:6)
  An ooze (D:3)
  2 worms
  A dart slug (D:3)
  5 leopard geckos
  23 orcs
  6 bats
  2 giant cockroaches (D:3)
  10 goblins
  5 hobgoblins
  2 jackals (D:3)
  7 kobolds
  2 quokkas
  4 ball pythons
  3 frilled lizards
  A jackal zombie (D:6)
  A quokka skeleton (D:6)
  6 rats
116 creatures vanquished.

Notes
Turn   | Place    | Note
-------+----------+-------------------------------------------
     0 | D:1      | equalderp2856 the Mummy Fighter began the quest for the Orb.
     0 | D:1      | Reached XP level 1. HP: 18/18 MP: 1/1
   324 | D:1      | Reached XP level 2. HP: 18/24 MP: 2/2
  1000 | D:2      | Reached skill level 2 in Long Blades
  1000 | D:2      | Reached XP level 3. HP: 14/29 MP: 3/3
  1283 | D:2      | Found a faded altar of an unknown god.
  1293 | D:2      | Found a shattered altar of Ashenzari.
  1839 | D:3      | Reached XP level 4. HP: 25/35 MP: 4/4
  2670 | D:3      | Reached skill level 1 in Dodging
  3027 | D:4      | Reached skill level 3 in Long Blades
  3027 | D:4      | Reached XP level 5. HP: 26/41 MP: 5/5
  3383 | D:3      | Reached XP level 6. HP: 37/47 MP: 6/6
  3933 | D:4      | Found a staircase to the Ecumenical Temple.
  5188 | D:5      | Entered Level 5 of the Dungeon
  5366 | D:5      | Reached skill level 4 in Long Blades
  5366 | D:5      | Reached XP level 7. HP: 42/53 MP: 7/7
  5467 | D:5      | Found a stormy altar of Qazlal.
  5783 | D:5      | Noticed Prince Ribbit
  6513 | D:5      | Reached skill level 5 in Long Blades
  6948 | D:6      | Reached skill level 1 in Stealth
  7173 | D:6      | Reached XP level 8. HP: 38/60 MP: 8/8
  7704 | D:5      | Mangled by an ogre

Skill      XL: |  1  2  3  4  5  6  7 |
---------------+----------------------+-----
Long Blades    | 2 3 4 5 |  5.6
Shields        | 3 4 |  4.3
Dodging        | 1 2 |  2.3
Armour         | 3 |  3.9
Fighting       | 4 |  4.2
Stealth        | 1 |  1.0

Action                   |  1- 3 |  4- 6 |  7- 9 || total
-------------------------+-------+-------+-------++-------
Melee: Long sword        |   127 |   198 |   175 ||   500
       Scimitar          |       |       |    41 ||    41
  Use: Scroll            |     3 |     4 |     1 ||     8
Armor: Scale mail        |    68 |       |       ||    68
       Robe              |     1 |    10 |       ||    11
       Chain mail        |       |    22 |    76 ||    98
Dodge: Dodged            |    74 |    78 |    29 ||   181
Block: Shield            |    85 |    91 |   105 ||   281
       Rpst.: Long sword |    24 |    31 |     6 ||    61
